Map: King's Cove LE

Players

ZESTisBEST - Winner!

  • Race: Protoss Protoss
  • League: Master
  • Spawn Location: 5:00

Shardarki

  • Race: Zerg Zerg
  • Spawn Location: 11:00

VOD

Have the link to the VOD?

Description

Time

  • Played on: April 27, 2019, 2:49 p.m.
  • Length: 11:49
Show
View Real Time Build Order
Export as new Build Order

ZESTisBEST Protoss - Winner!

Build Orders: 1 Gate Expand, Phoenix Opening 

Get SALT Encoding   

  12  0:01  Probe  
  13  0:13  Probe  
  14  0:19  Pylon  
  14  0:24  Probe  
  15  0:33  Probe  
  15  0:40  Gateway  
  15  0:41  Probe  
  16  0:49  Assimilator  
  17  0:52  Probe  
  19  1:04  Probe  
  19  1:16  Probe  
  20  1:28  Nexus  
  21  1:39  Cybernetics Core  
  20  1:44  Probe  
  21  1:56  Pylon  
  21  2:09  Adept  
  23  2:24  Gateway  
  23  2:25  Warp Gate  
  23  2:29  Probe  
  24  2:40  Shield Battery  
  24  2:48  Sentry  
  24  2:49  Probe  
  24  2:51  Assimilator  
  27  2:53  Probe  
  28  3:01  Probe  
  29  3:14  Gateway  
  29  3:16  Gateway  
  29  3:19  Sentry  
  30  3:21  Probe  
  30  3:22  Phoenix  
  31  3:29  Probe  
  31  3:31  Pylon  
  32  3:40  Robotics Facility  
  32  3:42  Probe  
  32  3:44  Probe  
  34  3:54  Probe  
  35  3:56  Probe  
  36  4:06  Probe  
  36  4:08  Probe  
  38  4:18  Probe  
  38  4:19  Stalker x2  
  38  4:20  Sentry, Probe, Observer  
  46  4:27  Probe  
  46  4:28  Probe  
  46  4:30  Assimilator  
  48  4:33  Assimilator  
  48  4:35  Probe  
  48  4:36  Probe  
  49  4:45  Probe  
  51  4:47  Probe  
  53  4:57  Probe  
  53  4:58  Pylon  
  54  5:05  Twilight Council  
  54  5:06  Immortal  
  54  5:11  Pylon  
  54  5:16  Probe x2  
  60  5:22  Adept  
  60  5:25  Pylon  
  62  5:29  Probe x2  
  62  5:33  Robotics Facility, Blink  
  66  5:49  Forge  
  66  5:53  Probe, Nexus  
  66  5:54  Probe  
  66  5:59  Observer  
  66  6:05  Probe  
  66  6:06  Immortal, Probe  
  72  6:17  Robotics Bay, Probe  
  69  6:19  Probe  
  69  6:21  Sentry x2  
  69  6:22  Sentry  
  69  6:25  Protoss Ground Weapons Level 1  
  76  6:27  Shield Battery  
  76  6:29  Pylon  
  76  6:30  Probe  
  76  6:32  Pylon  
  77  6:39  Warp Prism  
  77  6:42  Shield Battery  
  77  6:44  Observer  
  77  6:45  Shield Battery  
  80  6:54  Probe  
  80  6:57  Probe  
  82  7:03  Sentry x3  
  82  7:06  Probe  
  82  7:07  Probe  
  90  7:09  Probe  
  91  7:18  Probe  
  91  7:19  Probe  
  91  7:20  Colossus  
  91  7:21  Probe  
  100  7:24  Assimilator  
  100  7:27  Assimilator  
  100  7:31  Probe x2  
  100  7:33  Probe  
  100  7:36  Forge  
  103  7:38  Colossus  
  109  7:46  Pylon  
  109  7:50  Pylon  
  109  7:53  Pylon  
  109  8:01  Protoss Ground Armor Level 1  
  109  8:02  Pylon  
  109  8:04  Probe x2, Pylon  
  111  8:06  Extended Thermal Lance  
  111  8:07  Observer  
  111  8:11  Protoss Ground Weapons Level 2  
  111  8:12  Adept x4  
  117  8:14  Probe, Colossus  
  126  8:25  Probe  
  127  8:33  Colossus  
  133  8:36  Zealot x3  
  133  8:37  Zealot  
  133  8:38  Charge  
  141  8:46  Probe  
  142  8:53  Gateway  
  142  8:55  Gateway  
  134  9:18  Pylon  
  134  9:19  Pylon  
  134  9:21  Pylon  
  134  9:22  Pylon  
  134  9:25  Stalker x4  
  134  9:29  Nexus  
  134  9:30  Pylon  
  142  9:32  Gateway  
  142  9:34  Pylon, Gateway  
  142  9:43  Templar Archives  
  142  9:47  Pylon  
  142  9:49  Pylon  
  138  9:55  Stalker x6  
  140  10:07  Observer  
  138  10:25  Stalker x6  
  150  10:30  Stalker x2  
  154  10:36  Gateway x2  
  154  10:49  Stalker  
  156  10:50  Stalker x5  
  158  11:05  High Templar x2  
  158  11:09  Assimilator  
  159  11:12  Assimilator  
  159  11:22  Pylon  
  159  11:25  Stalker x6  
  161  11:45  Stalker  
Show
View Real Time Build Order
Export as new Build Order

Shardarki Zerg 

Build Orders: Pool First, Muta Ling Bane 

Get SALT Encoding   

  12  0:01  Drone  
  13  0:15  Overlord  
  13  0:21  Drone  
  14  0:34  Drone x2  
  16  0:37  Drone  
  17  0:48  Drone  
  18  1:03  Spawning Pool  
  17  1:04  Drone  
  17  1:11  Drone, Extractor  
  18  1:27  Drone  
  19  1:37  Hatchery  
  18  1:40  Drone  
  18  1:44  Overlord  
  19  2:12  Hatchery  
  19  2:26  Drone x3  
  21  2:35  Metabolic Boost  
  21  2:36  Queen, Extractor  
  22  2:42  Drone  
  23  2:48  Zergling x2  
  24  2:59  Drone  
  25  3:10  Hatchery  
  24  3:22  Queen  
  24  3:23  Drone x2  
  24  3:25  Overlord  
  28  3:28  Queen  
  30  3:44  Drone x3  
  33  3:51  Zergling x6  
  36  4:04  Drone x3  
  36  4:09  Drone  
  40  4:26  Roach Warren  
  40  4:27  Drone x4  
  43  4:33  Drone  
  43  4:34  Drone x3  
  43  4:36  Spine Crawler  
  46  4:47  Queen  
  46  4:49  Drone x3  
  46  4:50  Drone  
  49  5:03  Drone  
  49  5:04  Overlord x3  
  50  5:08  Lair  
  50  5:24  Drone  
  50  5:25  Drone x11  
  62  5:32  Extractor, Spine Crawler  
  60  5:45  Zergling x2  
  60  5:46  Zergling x12  
  60  5:49  Baneling Nest  
  66  5:50  Drone, Roach x2  
  66  5:51  Roach  
  73  5:58  Spore Crawler  
  71  6:17  Ravager x3  
  74  6:25  Overlord x2  
  74  6:35  Overlord  
  74  6:36  Overlord, Extractor  
  74  6:37  Glial Reconstitution  
  73  6:43  Evolution Chamber x2  
  71  6:48  Baneling x6  
  71  6:52  Overlord  
  71  6:54  Overlord x2  
  71  7:00  Zergling x8, Hatchery  
  71  7:01  Zergling x20  
  76  7:03  Roach  
  86  7:23  Drone x6  
  86  7:29  Drone  
  93  7:36  Hatchery  
  92  7:39  Centrifical Hooks  
  92  7:42  Overseer  
  92  7:58  Zerg Ground Armor Level 1, Zerg Melee Weapons Level 1  
  92  7:59  Spire  
  91  8:07  Baneling x4  
  91  8:10  Overlord  
  91  8:11  Overlord x3  
  92  8:12  Drone  
  92  8:13  Drone x3  
  95  8:23  Hydralisk Den  
  94  8:28  Infestation Pit  
  87  8:42  Overseer  
  87  8:46  Pneumatized Carapace  
  87  8:51  Queen  
  85  9:12  Mutalisk  
  85  9:13  Mutalisk x4  
  95  9:24  Extractor  
  95  9:27  Drone x3  
  95  9:28  Drone x10, Extractor  
  106  9:41  Spine Crawler  
  106  9:42  Spore Crawler  
  89  9:55  Zergling x2  
  89  9:56  Zergling x24  
  89  9:57  Mutalisk x2  
  89  9:58  Roach x2, Mutalisk  
  106  10:13  Roach x7  
  99  10:31  Mutalisk  
  99  10:32  Roach x2  
  99  10:35  Ravager  
  100  10:44  Ravager  
  100  10:49  Baneling x3  
  84  11:18  Ravager x2  
  84  11:19  Ravager  
  84  11:20  Drone, Zergling x20  
  84  11:21  Zergling x4  
Tags
 
Add a new tag
Caveats
  • Supply blocks, unpowered buildings, or Contaminate may cause inaccurate times.
  • Supply counts are checked every 10 seconds.